Map: Divergence LE

Players

PANZLEADER

  • Race: Zerg Zerg
  • League: Platinum
  • Spawn Location: 5:00

JRC

  • Race: Terran Terran
  • League: Platinum
  • Spawn Location: 5:00

Subwaymaker - Winner!

  • Race: Protoss Protoss
  • League: Gold
  • Spawn Location: 11:00

Mesrob - Winner!

  • Race: Terran Terran
  • League: Platinum
  • Spawn Location: 11:00

VOD

Have the link to the VOD?

Description

Time

  • Played on: July 17, 2019, 7:06 p.m.
  • Length: 12:37
Show
View Real Time Build Order
Export as new Build Order

PANZLEADER Zerg 

Build Orders: Pool First 

Get SALT Encoding   

  12  0:19  Spawning Pool  
  11  0:23  Extractor  
  10  0:37  Drone  
  10  0:38  Drone  
  10  0:40  Drone  
  13  0:54  Overlord  
  13  1:00  Drone  
  14  1:12  Queen  
  16  1:37  Zergling x6  
  19  1:54  Zergling x2  
  19  1:56  Metabolic Boost  
  20  2:02  Zergling x2  
  21  2:20  Zergling x2  
  21  2:21  Overlord  
  22  2:37  Overlord  
  22  2:44  Zergling x2  
  22  2:45  Zergling x2  
  22  2:46  Queen  
  26  3:10  Hatchery  
  25  3:24  Drone x5  
  30  4:11  Hatchery  
  29  4:39  Drone  
  29  4:40  Drone  
  29  4:57  Spore Crawler  
  21  5:27  Spore Crawler  
  20  5:35  Spore Crawler  
  19  5:47  Drone x4  
  19  5:48  Drone  
  24  5:58  Extractor  
  24  5:59  Extractor  
  22  6:05  Queen  
  24  6:11  Extractor  
  23  6:21  Drone  
  23  6:22  Drone x2  
  23  6:23  Spore Crawler  
  25  6:59  Drone x4  
  25  7:00  Extractor  
  28  7:03  Extractor  
  27  7:11  Spore Crawler  
  22  7:33  Drone x3  
  25  9:02  Drone x2  
  27  9:03  Drone x2  
  29  9:26  Lair  
  29  9:39  Roach Warren  
  28  9:48  Queen  
  30  9:53  Queen  
  32  10:19  Drone x3  
  32  10:20  Drone x6  
  41  10:31  Infestation Pit  
  40  10:47  Overlord x2  
  40  10:48  Overlord x3  
  40  10:56  Drone  
  41  11:05  Evolution Chamber  
  41  11:07  Hydralisk Den, Evolution Chamber  
  38  11:13  Infestor, Drone  
  38  11:14  Infestor  
  38  11:15  Zergling x2  
  38  11:16  Zergling x6, Drone  
  38  11:17  Drone x3  
  51  11:37  Roach x4  
  51  11:38  Roach x3  
  63  11:50  Zergling x2  
  63  11:51  Zergling x4, Roach x2  
  63  11:52  Zergling x2, Roach  
  55  12:07  Roach x3  
  55  12:08  Roach x3  
Show
View Real Time Build Order
Export as new Build Order

JRC Terran 

Build Orders:  

Get SALT Encoding   

  12  0:01  SCV  
  13  0:13  SCV  
  14  0:27  Supply Depot  
  14  0:29  SCV  
  15  0:49  SCV  
  16  0:50  Supply Depot  
  16  0:53  Refinery  
  16  1:03  Refinery  
  16  1:11  Barracks  
  16  1:20  SCV  
  17  1:32  SCV  
  18  1:44  SCV  
  19  1:56  SCV  
  20  2:03  Bunker  
  20  2:13  Marine, Bunker  
  21  2:26  Factory  
  21  2:30  Marine, Orbital Command  
  22  2:48  Marine  
  23  3:00  SCV  
  23  3:05  Supply Depot  
  24  3:06  Marine  
  24  3:12  Starport, Factory Tech Lab, SCV  
  26  3:24  Marine, SCV, Armory  
  28  3:35  Armory  
  28  3:36  SCV  
  29  3:54  Fusion Core, SCV  
  30  4:01  Starport Tech Lab  
  30  4:06  Starport  
  30  4:08  Factory Tech Lab  
  30  4:18  Terran Ship Weapons Level 1  
  30  4:22  Terran Vehicle And Ship Armor Level 1  
  30  4:35  SCV  
  31  4:42  Battlecruiser  
  37  4:47  SCV  
  38  4:59  SCV  
  39  5:09  Engineering Bay  
  39  5:20  Supply Depot  
  39  5:36  Supply Depot  
  39  5:42  Starport, Marine, SCV, Battlecruiser  
  47  5:52  Starport  
  47  5:53  Factory Tech Lab  
  47  5:58  Supply Depot, SCV  
  48  6:11  Battlecruiser  
  54  6:17  Terran Ship Weapons Level 2  
  54  6:23  Starport Tech Lab  
  54  6:32  Supply Depot  
  54  6:44  Terran Vehicle And Ship Armor Level 2  
  54  6:55  Supply Depot  
  54  7:32  Battlecruiser x2  
  66  7:40  Command Center  
  66  8:10  Weapon Refit  
  66  8:14  Battlecruiser  
  66  8:15  Command Center  
  72  8:27  Battlecruiser  
  60  9:26  Battlecruiser x2  
  72  9:35  SCV  
  73  9:39  SCV  
  74  9:47  SCV  
  74  9:48  Orbital Command  
  75  9:54  SCV  
  75  9:59  SCV  
  77  10:06  SCV  
  78  10:11  SCV  
  79  10:18  SCV  
  80  10:23  SCV  
  80  10:27  Refinery  
  81  10:33  Refinery  
  81  10:36  Battlecruiser  
  87  10:51  Battlecruiser  
  93  11:03  Planetary Fortress  
  93  11:15  Command Center  
Show
View Real Time Build Order
Export as new Build Order

Subwaymaker Protoss - Winner!

Build Orders: Oracle Opening 

Get SALT Encoding   

  12  0:01  Probe  
  13  0:13  Probe  
  14  0:21  Pylon  
  14  0:25  Probe  
  15  0:39  Probe  
  16  0:45  Gateway  
  16  0:48  Probe  
  16  0:57  Probe  
  17  1:02  Assimilator  
  18  1:05  Probe  
  18  1:06  Assimilator  
  19  1:13  Probe  
  20  1:21  Probe  
  21  1:33  Probe  
  21  1:34  Pylon  
  22  1:42  Cybernetics Core  
  22  1:45  Probe  
  23  1:52  Zealot  
  25  1:57  Probe  
  26  2:11  Pylon  
  26  2:31  Pylon, Nexus  
  26  2:43  Probe  
  27  2:51  Probe  
  28  2:58  Stargate  
  28  3:00  Probe  
  28  3:03  Stargate  
  29  3:08  Probe  
  30  3:15  Warp Gate  
  30  3:17  Probe  
  31  3:27  Assimilator  
  31  3:28  Gateway  
  31  3:30  Pylon  
  31  3:52  Oracle  
  31  3:53  Oracle  
  31  3:54  Probe x2  
  38  4:02  Probe  
  39  4:06  Probe  
  39  4:09  Assimilator  
  41  4:12  Probe  
  42  4:17  Zealot  
  42  4:18  Probe  
  45  4:33  Twilight Council  
  45  4:36  Gateway  
  45  4:37  Gateway  
  45  5:07  Charge  
  45  5:09  Oracle  
  45  5:10  Oracle, Probe x2  
  53  5:18  Probe x2  
  53  5:22  Stalker x2  
  53  5:27  Probe x2  
  60  5:39  Probe  
  60  5:40  Probe  
  60  5:42  Templar Archives  
  62  5:46  Gateway  
  62  5:48  Pylon  
  62  5:51  Probe  
  62  5:52  Probe  
  62  5:54  Oracle  
  64  5:59  Pylon  
  64  6:04  Probe x2  
  69  6:05  Forge  
  69  6:08  Forge  
  69  6:11  Oracle  
  72  6:40  Blink  
  72  6:51  Zealot  
  72  6:52  Zealot  
  64  7:28  Void Ray  
  64  7:29  Void Ray  
  69  7:45  Stalker  
  69  7:46  Stalker x4  
  69  7:50  Psionic Storm  
  79  7:59  Gateway  
  79  8:01  Gateway  
  79  8:04  Gateway, Nexus  
  79  8:05  Gateway, Protoss Ground Weapons Level 1  
  79  8:06  Pylon, Assimilator, Protoss Shields Level 1  
  79  8:08  Assimilator  
  79  8:09  Pylon  
  79  8:10  Probe x2  
  81  8:16  High Templar x2  
  85  8:22  Probe  
  85  8:24  Probe  
  85  8:27  Pylon  
  87  8:31  Pylon  
  87  8:34  High Templar  
  87  8:35  High Templar  
  91  8:42  Archon  
  91  8:43  Archon  
  91  8:54  Stalker  
  91  8:55  Stalker x3  
  76  9:12  Void Ray  
  74  9:25  Probe x3  
  77  9:37  Probe  
  77  9:38  Void Ray  
  82  9:41  Zealot  
  82  9:42  Zealot x7  
  82  9:43  Zealot  
  100  10:05  High Templar x4  
  108  10:08  Zealot  
  108  10:09  Zealot  
  108  10:11  Void Ray  
  108  10:13  Void Ray  
  112  10:17  Archon  
  112  10:19  Archon  
  116  10:28  Nexus  
  120  10:29  Probe x3  
  120  10:30  Assimilator  
  120  10:32  Assimilator  
  120  10:34  Pylon  
  123  10:41  Probe  
  124  10:56  Shield Battery  
  124  10:58  Photon Cannon  
  124  11:01  High Templar  
  124  11:03  Pylon  
  126  11:04  Zealot x4  
  126  11:05  Zealot x2  
  138  11:21  Void Ray  
  140  11:57  Zealot x6  
  140  11:58  Zealot x3  
Show
View Real Time Build Order
Export as new Build Order

Mesrob Terran - Winner!

Build Orders: 2 Factory, Reaper Expand 

Get SALT Encoding   

  12  0:01  SCV  
  13  0:13  SCV  
  14  0:19  Supply Depot  
  14  0:25  SCV  
  15  0:41  SCV  
  15  0:42  Barracks  
  16  0:46  Refinery  
  16  0:53  SCV  
  17  1:05  SCV  
  18  1:17  SCV  
  19  1:29  Orbital Command  
  19  1:45  Reaper  
  19  1:47  Command Center  
  20  1:51  Supply Depot  
  20  1:56  SCV  
  21  2:10  Factory  
  21  2:15  Refinery  
  21  2:18  SCV  
  22  2:27  Barracks Reactor  
  22  2:30  SCV  
  23  2:42  SCV  
  24  2:48  Engineering Bay  
  24  2:54  SCV  
  25  3:02  Orbital Command  
  25  3:06  SCV  
  26  3:19  SCV  
  27  3:24  Factory  
  27  3:26  Supply Depot  
  27  3:27  Hellion x2  
  31  3:48  Factory  
  31  3:51  SCV  
  31  3:52  SCV  
  33  3:59  Refinery  
  33  4:02  Hellion x2  
  37  4:03  SCV  
  37  4:04  SCV  
  37  4:06  Factory Tech Lab  
  39  4:14  Supply Depot  
  39  4:21  SCV  
  39  4:22  Armory  
  40  4:25  SCV  
  40  4:30  Cyclone  
  44  4:31  Hellion  
  44  4:32  Hellion, Factory Tech Lab  
  44  4:33  SCV  
  49  4:46  SCV  
  50  4:54  SCV  
  50  4:58  SCV  
  50  4:59  Cyclone  
  55  5:00  Mag-Field Accelerator  
  55  5:02  Hellion  
  55  5:03  Hellion  
  55  5:04  Cyclone  
  62  5:17  Armory, Terran Vehicle Weapons Level 1  
  62  5:36  Supply Depot  
  62  5:38  Supply Depot  
  62  5:41  Hellion x2, SCV x2  
  68  5:46  Refinery  
  68  5:53  SCV x2  
  70  5:58  Supply Depot  
  70  6:01  Supply Depot x2  
  70  6:02  Supply Depot  
  70  6:05  SCV x2  
  70  6:06  Cyclone  
  70  6:07  Cyclone  
  70  6:08  Hellion x2  
  82  6:17  SCV  
  83  6:25  Supply Depot x2  
  83  6:29  Hellion  
  83  6:30  Hellion  
  83  6:31  Terran Vehicle And Ship Armor Level 1  
  87  6:33  Hi-Sec Auto Tracking  
  87  6:39  Missile Turret, Cyclone x2  
  93  6:43  Missile Turret  
  93  6:50  SCV x2  
  95  6:59  Hellion x2  
  99  7:02  SCV x2  
  99  7:04  Missile Turret  
  101  7:11  Terran Vehicle Weapons Level 2, Cyclone x2  
  107  7:25  Missile Turret  
  107  7:26  Command Center  
  107  7:32  Starport  
  107  7:33  Starport  
  107  7:57  Cyclone  
  110  8:09  Starport Reactor  
  110  8:10  Starport  
  110  8:11  Starport Reactor  
  110  8:25  Terran Ship Weapons Level 1  
  110  8:36  Hellion x3  
  110  8:37  Hellion  
  116  8:50  Viking x4  
  115  9:10  Missile Turret  
  111  9:25  Starport Tech Lab  
  111  9:28  Viking x4  
  111  9:30  Missile Turret  
  119  9:33  Hellion x2  
  123  9:51  SCV  
  123  9:52  Missile Turret  
  124  9:54  SCV x2  
  124  9:58  Refinery, Viking x2  
  130  10:00  Refinery  
  130  10:03  SCV  
  130  10:05  Raven  
  130  10:06  SCV  
  134  10:13  Missile Turret  
  134  10:17  Supply Depot  
  134  10:20  Supply Depot  
  134  10:21  Command Center  
  134  10:35  Missile Turret, SCV  
  135  10:40  Supply Depot  
  135  10:43  Supply Depot  
  135  10:47  SCV  
  136  10:52  Cyclone x2  
  136  10:54  Viking  
  144  10:57  Hellion  
  144  10:58  Hellion  
  144  11:03  Supply Depot  
  148  11:19  Hellion x2  
  148  11:25  Supply Depot  
  141  11:48  Supply Depot  
  103  12:04  Cyclone x2  
  103  12:05  Hellion x2  
  103  12:06  Viking x2  
  103  12:07  Viking x2  
  107  12:10  Supply Depot  
Tags
 
Add a new tag
Caveats
  • Supply blocks, unpowered buildings, or Contaminate may cause inaccurate times.
  • Supply counts are checked every 10 seconds.